Map: Pillars of Gold LE

Players

Arctur - Winner!

  • Race: Terran Terran
  • Spawn Location: 7:00

AqueroN

  • Race: Terran Terran
  • League: Grandmaster
  • Spawn Location: 1:00

Event: DreamHack SC2 Masters 2020 Winter

VOD

Have the link to the VOD?

Description

Time

  • Played on: Oct. 16, 2020, 1:57 p.m.
  • Length: 7:14

All games in this series

Show
View Real Time Build Order
Export as new Build Order

Arctur Terran - Winner!

Build Orders:  

Get SALT Encoding   

  12  0:00  SCV  
  13  0:12  SCV  
  14  0:18  Supply Depot  
  14  0:24  SCV  
  15  0:39  SCV  
  15  0:41  Barracks  
  16  0:45  Refinery  
  16  0:51  SCV  
  16  0:55  Refinery  
  17  1:03  SCV  
  18  1:15  SCV  
  19  1:28  Orbital Command, Reaper  
  19  1:31  Supply Depot  
  20  1:45  Factory  
  20  1:53  SCV  
  21  2:00  Reaper  
  22  2:05  SCV  
  23  2:18  SCV  
  24  2:26  Command Center  
  24  2:30  Hellion  
  24  2:34  SCV  
  24  2:36  Reaper  
  28  2:42  Supply Depot  
  28  2:46  SCV  
  29  2:52  Widow Mine  
  29  2:57  Starport  
  31  3:04  SCV  
  32  3:13  Factory Tech Lab  
  32  3:14  Barracks Reactor  
  32  3:16  SCV  
  33  3:23  Refinery  
  33  3:28  SCV  
  33  3:33  Cyclone, Starport Tech Lab  
  37  3:44  SCV, Orbital Command  
  36  3:52  Marine, Banshee  
  36  3:53  Marine  
  41  3:56  SCV  
  42  4:08  SCV  
  42  4:10  Marine x2  
  42  4:13  Siege Tank  
  42  4:15  SCV  
  48  4:18  Supply Depot  
  48  4:26  SCV  
  48  4:27  SCV  
  48  4:30  Marine x2  
  52  4:43  Raven  
  53  4:45  Siege Tank  
  53  4:46  SCV x2  
  53  4:48  Marine x2  
  60  4:58  SCV x2  
  62  5:03  Supply Depot  
  62  5:23  Command Center  
  62  5:24  Marine x2  
  62  5:25  SCV x2, Siege Tank  
  69  5:37  SCV  
  69  5:39  Supply Depot  
  69  5:41  Raven, Refinery  
  69  5:42  SCV, Marine x2, Supply Depot  
  75  5:49  SCV  
  76  5:54  SCV  
  77  6:04  SCV  
  77  6:10  SCV  
  79  6:14  Marine x2, Siege Tank  
  79  6:16  SCV  
  84  6:23  SCV  
  83  6:28  SCV  
  83  6:29  Barracks x2  
  83  6:35  SCV  
  83  6:37  Orbital Command  
  83  6:40  SCV  
  74  6:47  SCV  
  74  6:53  SCV  
  66  6:55  Marine  
  66  6:59  SCV  
Show
View Real Time Build Order
Export as new Build Order

AqueroN Terran 

Build Orders:  

Get SALT Encoding   

  12  0:00  SCV  
  13  0:12  SCV  
  14  0:17  Supply Depot  
  14  0:24  SCV  
  15  0:30  Refinery  
  15  0:39  SCV  
  16  0:46  Barracks  
  16  0:51  SCV  
  17  0:57  Refinery  
  17  1:03  SCV  
  18  1:15  SCV  
  19  1:32  Orbital Command  
  19  1:33  Reaper  
  19  1:38  Factory  
  20  1:47  Supply Depot  
  20  1:58  SCV  
  21  2:05  Reaper  
  22  2:10  SCV  
  23  2:22  SCV, Hellion  
  26  2:30  Command Center  
  26  2:34  SCV  
  27  2:37  Reaper  
  27  2:42  Supply Depot  
  28  2:48  SCV, Hellion  
  31  2:57  Starport  
  31  3:03  SCV  
  32  3:09  Factory Tech Lab  
  32  3:11  Barracks Reactor  
  32  3:16  SCV  
  33  3:22  Refinery  
  33  3:28  Cyclone, SCV  
  37  3:38  Starport Tech Lab  
  37  3:40  SCV  
  32  3:45  Orbital Command  
  32  3:48  Marine x2  
  32  3:52  SCV  
  35  3:57  Raven  
  37  4:05  Siege Tank  
  37  4:06  Marine x2  
  37  4:08  SCV  
  42  4:11  SCV  
  43  4:20  SCV  
  43  4:23  SCV  
  45  4:24  Marine x2  
  45  4:31  Supply Depot  
  47  4:32  SCV  
  47  4:35  SCV  
  49  4:40  Raven  
  49  4:44  Siege Tank, SCV  
  52  4:47  Marine x2  
  52  4:52  Supply Depot, SCV  
  55  4:56  SCV  
  56  5:04  Command Center  
  55  5:16  SCV x2, Cyclone  
  55  5:21  Marine x2  
  62  5:24  Viking  
  62  5:28  SCV x2  
  66  5:41  SCV  
  67  5:43  Supply Depot  
  67  5:46  Marine x2  
  69  5:50  Supply Depot  
  69  5:54  Siege Tank  
  69  5:59  SCV  
  70  6:05  SCV  
  70  6:10  Marine  
  70  6:11  Marine, SCV  
  67  6:23  SCV  
  68  6:28  Marine x2  
  62  6:36  SCV  
  62  6:37  Orbital Command  
  53  6:46  Marine x2  
  52  6:48  SCV  
  44  7:00  SCV  
Tags
 
Add a new tag
Caveats
  • Supply blocks, unpowered buildings, or Contaminate may cause inaccurate times.
  • Supply counts are checked every 10 seconds.